 Dungeon Crawl Stone Soup version 0.31-a0-664-g902f515a81 (webtiles) character file.

Game seed: 4493255392515560345

29085 avis the Nimble (level 13, -17/70 HPs)
             Began as a Felid Shapeshifter on Sept 2, 2023.
             Was an Initiate of Gozag.
             Demolished by a reaper
             ... wielding a +0 scythe of freezing
              (21 damage)
             ... in an ice cave.
             The game lasted 01:57:30 (19274 turns).

avis the Nimble (Felid Shapeshifter)               Turns: 19274, Time: 01:57:31

Health: -17/70     AC: 10    Str: 22    XL:     13   Next: 13%
Magic:  14/14      EV: 16    Int: 11    God:    Gozag
Gold:   1015       SH:  0    Dex: 21    Spells: 12/12 levels left
                                        Lives:  0   Deaths: 5

rFire   + .          .
                       - Unarmed
rCold   . . .        (shield unavailable)
rNeg    . . .        (body armour unavailable)
rPois   +            (helmet unavailable)
rElec   .            (cloak unavailable)
rCorr   .            (gloves unavailable)
SInv    +            (boots unavailable)
Will    ++...        N - amulet of the acrobat
Stlth   ++++         U - ring of ice
HPRegen 0.31/turn    L - ring "Reubig" {Fly Will+ Dex+2}
MPRegen 0.14/turn

%: acrobat
@: short of breath, dragon-form, flying, studying 2 skills
A: dragon claw, dragon scales, breathe fire, flying, boosted hp, giant, (claws
1), (fangs 3), see invisible, (speed 1), (shaggy fur 3), (stealthy paws), no
weapons or thrown items, no armour, multi-lived
a: Breathe Fire, Begin Untransformation, Renounce Religion, Potion Petition,
Call Merchant, Bribe Branch


You were in an ice cave.
You worshipped Gozag.
Gozag was most pleased with you.
You were a fearsome dragon!
You visited 3 branches of the dungeon, and saw 16 of its levels.
You also visited: Sewer and Ice Cave.

You collected 3216 gold pieces.
You spent 1615 gold pieces at shops.
You paid 586 gold pieces to Gozag.

Inventory:

Jewellery
 J - a ring of positive energy
 L - the ring "Reubig" (right foreclaw) {Fly Will+ Dex+2}
   (You bought it in a shop on level 6 of the Dungeon)

   [ring of flight]

   Dex+2:     It affects your dexterity (+2).
   Will+:     It increases your willpower.
   Fly:       It grants you flight.
 N - an amulet of the acrobat (around neck)
 S - a ring of fire
 U - a ring of ice (left foreclaw)
Talismans
 b - a beast talisman
 f - a flux talisman
 s - a serpent talisman
 z - a blade talisman
 B - a dragon-blood talisman (active)
 D - a talisman of death
Wands
 x - a wand of mindburst (32)
 I - a wand of charming (23)
 Q - a wand of quicksilver (3)
Scrolls
 a - a scroll of vulnerability {unknown}
 g - 4 scrolls of blinking
 h - a scroll of fog {unknown}
 l - a scroll of brand weapon {unknown}
 p - 4 scrolls of teleportation
 q - 2 scrolls of revelation
 t - a scroll of butterflies {unknown}
 u - a scroll of silence {unknown}
 v - a scroll of enchant armour {unknown}
 C - 2 scrolls of poison
 G - a scroll of fear {unknown}
Potions
 d - 3 potions of magic
 e - 2 potions of resistance
 i - 2 potions of ambrosia
 j - 3 potions of invisibility
 k - 2 potions of experience {unknown}
 m - 2 potions of might
 o - 2 potions of mutation
 r - 4 potions of brilliance
 A - a potion of cancellation
 E - a potion of enlightenment {unknown}
 H - a potion of berserk rage {unknown}
 M - 4 potions of curing
 P - 3 potions of haste
 V - 2 potions of lignification


   Skills:
 + Level 11.0 Fighting
 + Level 13.7 Dodging
 + Level 6.4 Stealth
 + Level 10.8 Unarmed Combat
 - Level 2.0 Evocations
 * Level 13.4 Shapeshifting


You had 12 spell levels left.
You didn't know any spells.
Your spell library contained the following spells:

 Spells                   Type           Power      Damage    Failure   Level
 Slow                     Hex            0%         N/A       34%         1
 Sublimation of Blood     Necr           0%         N/A       47%         2
 Wereblood                Tmut           0%         N/A       47%         2
 Confusing Touch          Hex            0%         N/A       71%         3
 Ozocubu's Armour         Ice            0%         N/A       71%         3
 Stone Arrow              Conj/Erth      0%         3d7       71%         3
 Summon Guardian Golem    Hex/Summ       0%         N/A       71%         3
 Vampiric Draining        Necr           0%         2d6       71%         3
 Orb of Destruction       Conj           0%         9d5       100%        7
 Ozocubu's Refrigeration  Ice            0%         4d7       100%        7
 Spellforged Servitor     Conj/Summ      0%         N/A       100%        7
 Summon Hydra             Summ           0%         N/A       100%        7
 Lehudib's Crystal Spear  Conj/Erth      0%         10d2      100%        8
 Animate Armour           Summ/Erth      Unusable   N/A       N/A         4

Dungeon Overview and Level Annotations

Branches:
Dungeon (12/15)            Temple (1/1) D:5            Lair (3/5) D:11
  Swamp (0/4) Lair:2       Spider (0/4) Lair:2          Orc (0/2) D:10
  Sewer (visited)           IceCv (1/1)

Altars:
Ashenzari
Cheibriados
Dithmenos
Elyvilon
Fedhas
Gozag
Hepliaklqana
Kikubaaqudgha
Makhleb
Nemelex Xobeh
Okawaru
Qazlal
Ru
Sif Muna
Trog
Uskayaw
Vehumet
Wu Jian
Xom
Yredelemnul
Zin
The Shining One

Shops:
D:6 [=(:=   D:7 (

Annotations:
D:3 1 runed translucent door, exclusion: door, Crazy Yiuf
D:6 3 runed translucent doors, exclusion: steam dragon, GoblinPMC's ghost, amateur MiBe; Jingleheimer's ghost, novice OpSh; Vexal's ghost, novice MiBe; Xavori's ghost, novice OpCK; riellis1's ghost, novice DsNe


Innate Abilities, Weirdness & Mutations

You are a fearsome dragon!
You have a powerful clawing attack.
Your giant scaled body is strong and resilient, but less evasive.
You can breathe fire.
You are flying.
Your maximum health is increased.
((You have sharp claws.))
((You have razor-sharp teeth.))
You have supernaturally acute eyesight. (SInv)
((You cover ground quickly. (Speed+)))
((Your thick and shaggy fur keeps you warm. (AC +3, rC+)))
((Your paws help you pounce on unaware monsters.))
You are incapable of wielding weapons or throwing items.
You cannot wear armour.
You gain extra lives every three experience levels.


Message History

The ice devil hits you. The ice devil freezes you!
You hit the ice devil.
You tail-slap the ice devil, but do no damage.
Your bite misses the ice devil.
The ice devil is almost dead.
The ice devil hits you but does no damage.
You claw the ice devil!
You kill the ice devil!
You now have 1015 gold pieces (gained 7).
You start resting.
A reaper is nearby!
Okay, then.
Aiming: Breathe Fire (0% risk of failure)
Press: ? - help, Shift-Dir - straight line, f - reaper
Aim: a reaper, wielding a +0 scythe of freezing, wearing a +2 robe of cold resistance and wearing a ring of protection from cold (wandering, hasn't noticed you, 76% to hit)
Out of range.
Okay, then.
Aiming: Quicksilver Bolt
Press: ? - help, Shift-Dir - straight line, f - reaper
Aim: a reaper, wielding a +0 scythe of freezing, wearing a +2 robe of cold resistance and wearing a ring of protection from cold (wandering, hasn't noticed you, 71% to hit)
The bolt of dispelling energy hits the reaper!
The reaper is moderately wounded.
Okay, then.
Aiming: Breathe Fire (0% risk of failure)
Press: ? - help, Shift-Dir - straight line, f/p - reaper
Aim: a reaper, wielding a +0 scythe of freezing, wearing a +2 robe of cold resistance and wearing a ring of protection from cold (moderately wounded, 76% to hit)
You breathe a blast of fire.
The fiery breath hits the reaper.
The reaper is moderately wounded.
The reaper shouts, "Death awaits you!"
The reaper hits you with a +0 scythe of freezing!!!
Ouch! That really hurt!
* * * LOW HITPOINT WARNING * * *
The reaper freezes you!
* * * LOW HITPOINT WARNING * * *
You bite the reaper!!
You tail-slap the reaper, but do no damage.
The reaper is heavily wounded.
The reaper hits you with a +0 scythe of freezing!!
You die...
Your body crumbles into a pile of gold.

##§°§## ###............#
###☼.######
###..........#
##°..°☼..####
###.#....#.#
2.#☼☼°....### #####..####
....☼§##....####☼##§§.##
.####○.##.....#§☼§§☼#..##
.#...§☼...#..☼§§#§§§##..#
##......###...☼######...#
#......##2D...§# ##...##
.....#..§......## #...##
.###..#..###...## #...##
#.....#... ##### ##...#
.....#..# ##...## #
#.....## ##.....##
#####.....# ### #...∩...#
#...###.###...# #.......#
#.[..$......).# ##..∩..##


You could see a reaper.

Vanquished Creatures
  Gastronok (D:10)
  2 hydras
  A boulder beetle (D:11)
  A two-headed ogre (D:10)
  A skyshark (Lair:2)
  A skeletal warrior (D:9)
  A wolf spider (Lair:2)
  2 ice statues (IceCv)
  A gargoyle (D:11)
  6 cane toads
  3 rime drakes
  A kobold demonologist (D:11)
  A tengu conjurer (D:9)
  6 ice devils (IceCv)
  8 komodo dragons
  An anaconda simulacrum (IceCv)
  A troll (D:9)
  2 hornets (D:7)
  3 blink frogs (Lair:2)
  3 shadows
  A vampire (D:10)
  A dire elephant simulacrum (IceCv)
  4 hogs (D:8)
  A human (D:8)
  16 yaks
  5 wyverns
  A steam dragon (D:10)
  2 basilisks
  4 vampire mosquitoes (Lair:2)
  A harpy simulacrum (IceCv)
  4 wargs (D:10)
  4 acid dragons
  12 water moccasins
  A sky beast (D:6)
  4 orc warriors
  2 black bears
  2 ice beasts
  6 centaurs
  3 ogres
  28 wolves
  2 phantoms
  4 kobold brigands (D:11)
  7 bullfrogs
  A gnoll sergeant (D:6)
  A two-headed ogre simulacrum (IceCv)
  4 scorpions
  3 wights (D:7)
  2 elephant simulacra (IceCv)
  14 killer bees
  7 howler monkeys
  2 electric eels (Lair:2)
  3 lava snakes (D:9)
  5 orc priests
  6 hounds
  3 jellies (D:4)
  A sleepcap (D:8)
  A gnoll bouda (D:5)
  3 iguanas
  A hell rat (Sewer)
  5 orc wizards
  2 polar bear simulacra (IceCv)
  5 spriggan simulacra (IceCv)
  2 troll simulacra (IceCv)
  Robin (D:3)
  13 gnolls
  22 adders
  A naga simulacrum (IceCv)
  2 river rats (Sewer)
  A shadow imp (D:7)
  5 white imps
  3 ufetubi (IceCv)
  3 worms
  5 dart slugs
  21 orcs
  2 bats
  2 endoplasms (D:1)
  6 giant cockroaches
  11 goblins
  8 hobgoblins
  4 jackals
  7 kobolds
  4 quokkas
  5 ball pythons
  11 rats
369 creatures vanquished.

Notes
Turn   | Place    | Note
-------+----------+-------------------------------------------
     0 | D:1      | avis the Felid Shapeshifter began the quest for the Orb.
     0 | D:1      | Reached XP level 1. HP: 9/9 MP: 2/2
   112 | D:1      | Reached XP level 2. HP: 12/12 MP: 3/3
   767 | D:2      | Reached XP level 3. HP: 13/16 MP: 4/4
  1719 | D:3      | Reached XP level 4. HP: 20/20 MP: 5/5
  1890 | D:3      | Noticed Robin
  1934 | D:3      | Killed Robin
  2094 | D:3      | Found a basalt altar of Yredelemnul.
  2367 | D:3      | Reached XP level 5. HP: 15/24 MP: 6/6
  2754 | D:3      | Found a runed translucent door.
  2755 | D:3      | Noticed Crazy Yiuf
  3159 | D:4      | Gained mutation: You are covered in thick fur. (AC +2)
                  | [Felid growth]
  3159 | D:4      | Reached XP level 6. HP: 17/28 MP: 7/7
  3592 | D:5      | Entered Level 5 of the Dungeon
  3828 | D:5      | Demolished by an ogre
  3846 | D:5      | Reached skill level 5 in Unarmed Combat
  3866 | D:5      | Found a glowing drain.
  4044 | D:4      | Reached XP level 7. HP: 17/33 MP: 8/8
  4159 | D:5      | Reached skill level 5 in Dodging
  4217 | Sewer    | Entered a sewer
  4403 | Sewer    | Reached skill level 5 in Fighting
  4529 | D:5      | Found a staircase to the Ecumenical Temple.
  4547 | D:5      | Reached skill level 5 in Shapeshifting
  4552 | Temple   | Entered the Ecumenical Temple
  4561 | Temple   | Became a worshipper of Gozag Ym Sagoz the Greedy
  4737 | D:5      | Reached XP level 8. HP: 35/37 MP: 9/9
  5028 | D:6      | Found Qanomut's Jewellery Shop.
  5095 | D:6      | Found Rioplal's Antique Weapon Boutique.
  5379 | D:6      | Found Ciner's Jewellery Boutique.
  5468 | D:6      | Found Rirhogas's Book Emporium.
  5846 | D:6      | Reached XP level 9. HP: 37/41 MP: 8/10
  5880 | D:6      | Found Tuxt's Antique Armour Shop.
  5889 | D:6      | You fall into a shaft and drop 1 floor!
  6463 | D:6      | Found a runed translucent gate.
  6463 | D:6      | Found a runed translucent gate.
  6463 | D:6      | Found a runed translucent gate.
  6464 | D:6      | Noticed Vexal's ghost (novice MiBe)
  6465 | D:6      | Noticed Jingleheimer's ghost (novice OpSh)
  6465 | D:6      | Noticed Xavori's ghost (novice OpCK)
  6465 | D:6      | Noticed GoblinPMC's ghost (amateur MiBe)
  6465 | D:6      | Noticed riellis1's ghost (novice DsNe)
  6665 | D:7      | Reached skill level 1 in Stealth
  6749 | D:6      | Bought a serpent talisman for 440 gold pieces
  7140 | D:7      | Found Doytesk's Weapon Emporium.
  7286 | D:7      | Found a stormy altar of Qazlal.
  7741 | D:8      | HP: 2/42 [hornet (7)]
  7749 | D:7      | Slain by a hornet
  7992 | D:8      | Reached skill level 10 in Dodging
  8095 | D:8      | Found a hide-covered altar of Uskayaw.
  8097 | D:8      | Found a glowing golden altar of the Shining One.
  8239 | D:8      | Reached XP level 10. HP: 43/46 MP: 9/11
  8474 | D:8      | Reached skill level 1 in Evocations
  9687 | D:9      | Noticed a skeletal warrior
  9704 | D:9      | HP: 1/51 [skeletal warrior/+0 long sword (23)]
  9708 | D:9      | Killed a skeletal warrior
 10183 | D:10     | Entered Level 10 of the Dungeon
 10240 | D:10     | Noticed Gastronok
 10257 | D:10     | Killed Gastronok
 10281 | D:10     | Found a snail-covered altar of Cheibriados.
 10281 | D:10     | Found a burning altar of Makhleb.
 10282 | D:10     | Found a sparkling altar of Nemelex Xobeh.
 10292 | D:10     | Found an ornate altar of the Wu Jian Council.
 10302 | D:10     | Found a shimmering altar of Xom.
 10425 | D:10     | Reached XP level 11. HP: 51/51 MP: 10/12
 10740 | D:10     | Noticed a two-headed ogre
 10744 | D:10     | Reached skill level 10 in Shapeshifting
 10784 | D:10     | Killed a two-headed ogre
 11153 | D:10     | Found a staircase to the Orcish Mines.
 11536 | D:6      | Bought the ring "Reubig" {Fly Will+ Dex+2} for 343 gold
                  | pieces
 12488 | D:11     | Found a staircase to the Lair.
 12490 | D:11     | Noticed a boulder beetle
 12534 | D:11     | Killed a boulder beetle
 13152 | Lair:1   | Entered Level 1 of the Lair of Beasts
 13174 | Lair:1   | Noticed a seven-headed hydra
 13186 | Lair:1   | Killed a seven-headed hydra
 13369 | Lair:1   | Gained mutation: Your thick and shaggy fur keeps you warm.
                  | (AC +3, rC+) [Felid growth]
 13369 | Lair:1   | Reached XP level 12. HP: 58/58 MP: 13/13
 13432 | Lair:1   | Reached skill level 10 in Fighting
 14206 | Lair:1   | Bought a potion of curing for 48 gold pieces
 14206 | Lair:1   | Bought a potion of resistance for 160 gold pieces
 14206 | Lair:1   | Bought a potion of might for 64 gold pieces
 14206 | Lair:1   | Bought a potion of cancellation for 128 gold pieces
 14206 | Lair:1   | Bought a potion of attraction for 48 gold pieces
 14206 | Lair:1   | Bought 2 potions of invisibility for 256 gold pieces
 14206 | Lair:1   | Bought a potion of magic for 128 gold pieces
 14295 | Lair:2   | Found a staircase to the Swamp.
 14328 | Lair:2   | Reached skill level 10 in Unarmed Combat
 15287 | Lair:2   | Found a shadowy altar of Dithmenos.
 15553 | Lair:2   | Found a hole to the Spider Nest.
 15913 | Lair:2   | HP: 3/69 [skyshark (10)]
 15913 | Lair:2   | Slain by a skyshark
 16193 | Lair:3   | Reached skill level 5 in Stealth
 16543 | Lair:3   | Noticed a six-headed hydra
 16551 | Lair:3   | Killed a six-headed hydra
 16825 | Lair:3   | HP: 3/70 [poisoned by a cane toad]
 17766 | Lair:1   | Identified 2 scrolls of acquirement
 17766 | Lair:1   | Acquired a manual of Shapeshifting
 17768 | Lair:1   | Acquired a manual of Stealth
 17868 | D:12     | Found a frozen archway.
 17901 | IceCv    | Entered an ice cave
 18003 | IceCv    | HP: 2/70 [ice beast[an ice statue] (3)]
 18187 | IceCv    | Reached XP level 13. HP: 63/63 MP: 14/14
 19022 | IceCv    | Noticed a reaper
 19027 | IceCv    | Slain by an ice devil
 19094 | IceCv    | Slain by a reaper
 19274 | IceCv    | Demolished by a reaper

Illustrated notes

Levels and vault maps discovered:
D:1:      tarquinn_simple_flora_water_a, layout_basic
D:2:      layout_basic
D:3:      minmay_spotlight, layout_basic, mainiacjoe_overflow_chevrons,
          uniq_robin, uniq_crazy_yiuf_cottage
D:4:      layout_rooms
D:5:      layout_cave_pools, minmay_temple_entry_slanted, gup_sewer_entry_glass
D:6:      layout_basic, gammafunk_ghost_cemetery, serial_shops, shop, shop,
          nicolae_shop_window_shopping, shop, nicolae_shop_behind_doors
D:7:      layout_basic, grunt_qazlal_clouds, serial_shops,
          nicolae_shop_pleasant_corner_grove
D:8:      layout_cave_pools, gammafunk_temple_overflow_pools, grunt_livestock
D:9:      kennysheep_big_flooded_room, layout_irregular_city,
          grunt_decor_junction
D:10:     layout_small_grid, overflow_temple_1_default,
          nicolae_overflow_quartered_altars, minmay_orc_entry_guard_dogs,
          wad_rectangle_vault, uniq_gastronok
D:11:     layout_long_grid, minmay_lair_entry_grove,
          ebering_dispersal_statue_hall, hex_large
D:12:     layout_long_grid, portal_ice_cave_rime
Temple:   nicolae_temple_ecumenical_triangle
Lair:1:   layout_hall_layers, serial_bayou_shore_b, grunt_megastairs_5,
          serial_bayou_shore_a
Lair:2:   minmay_lair_venomous_thicket, layout_regular_city,
          minmay_swamp_entry_swarm, dummy_spider_entry, st_stairs_8,
          lemuel_centaur_altar
Lair:3:   layout_long_grid, serial_bayou_pond_a, hibernation_bobbens
IceCv:    ice_cave_small_demon

Skill      XL: |  1  2  3  4  5  6  7  8  9 10 11 12 13 |
---------------+----------------------------------------+-----
Dodging        | 3 4 5 8 10 11 12 13 | 13.7
Fighting       | 2 3 4 5 6 8 9 10 11 | 11.0
Unarmed Combat | 4 5 6 7 8 9 10 | 10.8
Shapeshifting  | 4 5 6 8 9 11 13 | 13.4
Stealth        | 2 5 6 |  6.4
Evocations     | 2 |  2.0

Action                     |  1- 3 |  4- 6 |  7- 9 | 10-12 | 13-15 || total
---------------------------+-------+-------+-------+-------+-------++-------
  Melee: Unarmed           |    68 |   157 |   339 |   702 |   102 ||  1368
         Bite              |     2 |    18 |    43 |    13 |     1 ||    77
         Punch             |     1 |     5 |     7 |       |     1 ||    14
         Constrict         |       |       |       |   130 |    17 ||   147
         Tailslap          |       |       |       |       |     4 ||     4
 Invoke: Call Merchant     |       |       |       |     1 |       ||     1
Ability: Breathe Fire      |       |       |       |       |     1 ||     1
  Evoke: Wand              |       |       |       |    12 |     1 ||    13
    Use: Potion            |       |     1 |     6 |     6 |     2 ||    15
         Scroll            |       |     5 |       |    13 |     1 ||    19
   Stab: Sleeping          |     1 |       |     1 |     6 |     4 ||    12
         Distracted        |       |     1 |     1 |     5 |     3 ||    10
 Armour: Skin              |    21 |    48 |    96 |   317 |    57 ||   539
  Dodge: Dodged            |    38 |   121 |   274 |   683 |    73 ||  1189
   Form: Flux              |       |       |     1 |     2 |       ||     3
         Anaconda          |       |       |       |     4 |       ||     4
                           |       |       |       |     3 |       ||     3
         Dragon            |       |       |       |     2 |     1 ||     3
         Blade             |       |       |       |     2 |       ||     2
         Beast             |       |       |       |     2 |       ||     2
         Death             |       |       |       |     1 |       ||     1

Table legend: (Time is in decaauts)
 A = Elapsed time spent in this place.
 B = Non-inter-level travel time spent in this place.
 C = Inter-level travel time spent in this place.
 D = Time resting spent in this place.
 E = Time spent auto-exploring this place.
 F = Levels seen in this place.
 G = Mean time per level.
                   A        B        C        D        E       F      G
               +--------+--------+--------+--------+--------+-----+--------+
         Total |  17887 |  16003 |   1884 |   5288 |   5880 |  18 |  993.7 |
       Dungeon |  11910 |  10318 |   1592 |   2982 |   4181 |  12 |  992.5 |
        Temple |     58 |     56 |      2 |     38 |      0 |   1 |   58.0 |
          Lair |   4366 |   4077 |    289 |   1349 |   1699 |   3 | 1455.3 |
         Sewer |    213 |    213 |      0 |    103 |      0 |   1 |  213.0 |
      Ice Cave |   1339 |   1339 |      0 |    816 |      0 |   1 | 1339.0 |
               +--------+--------+--------+--------+--------+-----+--------+

Top non-repeatable levels by time:
  Lair:2: 1939 daAuts
    D:10: 1452 daAuts
     D:6: 1407 daAuts
  Lair:3: 1373 daAuts
    D:11: 1341 daAuts
   IceCv: 1339 daAuts
     D:9: 1310 daAuts
     D:3: 1284 daAuts
     D:7: 1214 daAuts
  Lair:1: 1053 daAuts
     D:8: 884 daAuts
     D:5: 816 daAuts
     D:4: 774 daAuts
     D:1: 686 daAuts
     D:2: 637 daAuts
